 Dungeon Crawl Stone Soup version 0.22-a0-322-g60b3cfd (webtiles) character file.

101 sankara the Sneak (level 4, -1/30 HPs)
             Began as a Vampire Enchanter on Apr 4, 2018.
             Killed from afar by a white imp (3 damage)
             ... with a puff of frost
             ... summoned by Natasha
             ... on level 2 of the Dungeon.
             The game lasted 00:07:00 (1410 turns).

sankara the Sneak (Vampire Enchanter)               Turns: 1410, Time: 00:07:00

Health: -1/30      AC:  2    Str:  7    XL:     4   Next: 48%
Magic:  4/7        EV: 12    Int: 18    God:
Gold:   32         SH:  0    Dex: 14    Spells: 1/7 levels left

rFire    . . .     SeeInvis +   a - +1 dagger
rCold    + . .     Gourm    .   (no shield)
rNeg     + + .     Faith    .   b - +0 robe
rPois    +         Spirit   .   (no helmet)
rElec    .         Reflect  .   (no cloak)
rCorr    .         Harm     .   (no gloves)
MR       .....                  (no boots)
Stlth    ++++......             (no amulet)
HPRegen  0.05/turn              (no ring)
MPRegen  0.10/turn              (no ring)

@: regenerating slowly
A: fangs 3, see invisible, unbreathing
a: Bat Form


You were on level 2 of the Dungeon.
You were very thirsty.

You visited 1 branch of the dungeon, and saw 2 of its levels.

You collected 32 gold pieces.

Inventory:

Hand Weapons
 a - a +1 dagger (weapon)
Missiles
 g - 50 stones (quivered)
Armour
 b - a +0 robe (worn)
 k - a +0 buckler
   (You found it on level 2 of the Dungeon)
Scrolls
 c - 4 scrolls of identify {unknown}
 e - a scroll of immolation {unknown}
 f - 2 scrolls of enchant armour {unknown}
 i - a scroll of teleportation {unknown}
 j - 2 scrolls of random uselessness {unknown}
Potions
 d - 13 potions of blood {@q1}
 h - a potion of heal wounds {unknown}


   Skills:
 - Level 1.1 Short Blades
 - Level 2.1 Dodging
 + Level 6.1 Stealth
 - Level 2.0 Spellcasting
 + Level 5.9 Hexes
 + Level 1.9 Ice Magic


You had one spell level left.
You knew the following spells:

 Your Spells              Type           Power        Failure   Level  Hunger
a - Corona                Hex            ###....      1%          1    #......
b - Ensorcelled Hibernat  Hex/Ice        ###...       5%          2    ###....
c - Confuse               Hex            ###.....     4%          3    ###....


Dungeon Overview and Level Annotations

Branches:
Dungeon (2/15)

Altars:

Annotations:
D:2 Natasha


Innate Abilities, Weirdness & Mutations

You heal slowly.
You have razor-sharp teeth.
You have supernaturally acute eyesight. (SInv)
You can survive without breathing.


Message History

The adder looks drowsy...
The helpless adder fails to defend itself.
You bite the adder, and draw its blood!
You feel slightly less thirsty.
You impale the adder!!
You kill the adder!
You have reached level 4!
You see here an adder corpse.
You bottle the corpse's blood.
d - 12 potions of blood {@q1} (gained 1)
A worm comes into view.
The helpless worm fails to defend itself.
You impale the worm!!
You kill the worm!
Marking area around Natasha as unsafe for travelling.
Natasha, Servant of Life and Death comes into view.
The helpless Natasha fails to defend herself.
You bite Natasha, and draw her blood!
You feel slightly less thirsty.
You impale Natasha!!
You kill Natasha!
Natasha yowls pathetically as she dies!
Your Stealth skill increases to level 6!
The quokka is too close now for your liking.
A quokka is nearby!
The helpless quokka fails to defend itself.
You bite the quokka, and draw its blood!
You feel slightly less thirsty.
You impale the quokka!!
You kill the quokka!
You see here a quokka corpse.
You bottle the corpse's blood.
d - 13 potions of blood {@q1} (gained 1)
You see here a quokka skeleton.
A goblin comes into view.
The goblin shouts!
The goblin wields a hunting sling.
The goblin shoots a stone.
The stone hits you.
You see here a stone.
The goblin shoots a stone.
The stone hits you.
You see here a stone.
The goblin shoots a stone.
The stone hits you!
You see here a stone.
You are too injured to fight recklessly!
You are too injured to fight recklessly!
Casting: Ensorcelled Hibernation (safe; 5% risk of failure)
Confirm with . or Enter, or press ? or * to list all spells.
Aiming: Ensorcelled Hibernation (safe; 5% risk of failure)
Press: ? - help, Shift-Dir - straight line, f - goblin
Aim: a goblin, wielding a hunting sling (chance to defeat MR: 63%)
The goblin resists with significant effort.
The goblin unwields an uncursed hunting sling.
The goblin completely misses you.
Casting: Ensorcelled Hibernation (safe; 5% risk of failure)
Confirm with . or Enter, or press ? or * to list all spells.
Aiming: Ensorcelled Hibernation (safe; 5% risk of failure)
Press: ? - help, Shift-Dir - straight line, f/p - goblin
Aim: a goblin (chance to defeat MR: 63%)
The goblin resists with significant effort.
The goblin hits you but does no damage.
Natasha, Servant of Life and Death comes into view.
Casting: Ensorcelled Hibernation (safe; 5% risk of failure)
Confirm with . or Enter, or press ? or * to list all spells.
Aiming: Ensorcelled Hibernation (safe; 5% risk of failure)
Press: ? - help, Shift-Dir - straight line, f/p - goblin
Aim: a goblin (chance to defeat MR: 63%)
The goblin looks drowsy...
The helpless goblin fails to defend itself.
You bite the goblin, and draw its blood!
You feel better.
You feel slightly less thirsty.
You impale the goblin!!
You kill the goblin!
Natasha mumbles some strange words.
Natasha growls.
You see here a stone.
Natasha wildly gestures.
Natasha shimmers violently.
You see here a stone.
You see here a stone.
Natasha stares at you and mumbles some strange words.
The magic dart hits you!
Natasha stares at you and mumbles some strange words.
You resist with some effort.
Natasha mumbles some strange words.
Natasha casts a spell at you.
You feel yourself slow down.
Natasha howls an incantation.
You feel troubled.
Natasha stares at you and mumbles some strange words.
The magic dart hits you!
* * * LOW HITPOINT WARNING * * *
Natasha mumbles some strange words.
Natasha casts a spell.
The white imp gestures at you. The puff of frost hits you! You resist.
* * * LOW HITPOINT WARNING * * *
The crimson imp blinks!
You feel yourself speed up.
The white imp lashes its tail.
Natasha howls an incantation.
You feel disoriented. The white imp gestures at you.
The puff of frost hits you! You resist.
You die...

#..................5.
#...####..##..##.#.##
#...###........#.#.#.
#...##...........#.##
#...##...5.......#...
#...###........#.####
#.....#..รท.....#.....
#...)....>...........
#...@....%......#####
#...#.#........##
#..#####.)##..##
#....)........#
####.####.#####.#
#<..>....... ..
####.####.### ## #.#
... #.. ..%


You could see a white imp.

Vanquished Creatures
  Natasha (D:2)
  2 adders (D:2)
  2 gnolls
  2 worms (D:2)
  3 dart slugs
  3 goblins
  4 hobgoblins
  3 kobolds
  A quokka (D:2)
  4 bats (D:1)
  2 frilled lizards (D:1)
  5 rats
32 creatures vanquished.

Notes
Turn   | Place    | Note
-------+----------+-------------------------------------------
     0 | D:1      | sankara the Vampire Enchanter began the quest for the Orb.
     0 | D:1      | Reached XP level 1. HP: 13/13 MP: 3/3
   231 | D:1      | Reached XP level 2. HP: 16/19 MP: 3/5
   235 | D:1      | Learned a level 2 spell: Ensorcelled Hibernation
   294 | D:1      | Reached skill level 5 in Stealth
   655 | D:1      | Reached skill level 5 in Hexes
  1055 | D:2      | Reached XP level 3. HP: 24/24 MP: 0/6
  1088 | D:1      | Reached skill level 1 in Ice Magic
  1149 | D:1      | Learned a level 3 spell: Confuse
  1328 | D:2      | Reached XP level 4. HP: 30/30 MP: 2/7
  1344 | D:2      | Noticed Natasha
  1349 | D:2      | Killed Natasha
  1349 | D:2      | Reached skill level 6 in Stealth
  1381 | D:2      | Noticed Natasha
  1400 | D:2      | HP: 5/30 [Natasha/magic dart (7)]
  1405 | D:2      | HP: 2/30 [white imp/puff of frost[Natasha] (4)]
  1410 | D:2      | Killed from afar by a white imp

Vault maps used:
D:1:      matt_arrival_grand_opening, minmay_hexomino_f4
D:2:      nicolae_overflow_crystal_walls, st_stairs_5, okawaru_trees_2,
          uniq_natasha

Skill      XL: |  1  2  3  4 |
---------------+-------------+-----
Stealth        | 5 6 |  6.1
Hexes          | 5 |  5.9
Ice Magic      | 1 |  1.9
Short Blades   | |  1.1
Dodging        | |  2.1
Spellcasting   | |  2.0

Action                   |  1- 3 |  4- 6 || total
-------------------------+-------+-------++-------
Melee: Dagger            |    57 |     4 ||    61
       Bite              |     3 |       ||     3
 Cast: Corona            |     7 |       ||     7
       Ensorcelled Hiber |    15 |     3 ||    18
 Stab: Sleeping          |    15 |     4 ||    19
Armor: Robe              |    10 |     1 ||    11
Dodge: Dodged            |    43 |     1 ||    44

Table legend:
 A = Spawn XP
 B = Non-spawn XP
 C = Spawn XP percentage of total XP
 D = Spawn monster count
 E = Non-spawn monster count
 F = Spawn count percentage of total count
 G = Total turns spent on level
                    A         B        C        D         E        F      G
               +---------+---------+-------+---------+---------+-------+---------
         Total |       0 |     145 |   0.0 |       0 |      32 |   0.0 |  1410
               +---------+---------+-------+---------+---------+-------+---------
           D:1 |       0 |      43 |   0.0 |       0 |      16 |   0.0 |  1132
           D:2 |       0 |     102 |   0.0 |       0 |      16 |   0.0 |   278
               +---------+---------+-------+---------+---------+-------+---------

Vault maps used:
D:1:      matt_arrival_grand_opening, minmay_hexomino_f4
D:2:      nicolae_overflow_crystal_walls, st_stairs_5, okawaru_trees_2,
          uniq_natasha

Table legend:
 A = Turns spent in this place as a percentage of turns spent in the entire game.
 B = Non-inter-level travel turns spent in this place as a percentage of non-inter-level travel turns spent in the entire game.
 C = Inter-level travel turns spent in this place as a percentage of turns spent in this place.
 D = Turns resting spent in this place as a percentage of non-inter-level travel turns spent in this place.
 E = Turns spent auto-exploring this place as a percentage of non-inter-level travel turns spent in this place.
 F = Non-inter-level travel turns spent in this place divided by the number of levels of this place that you've seen.
                   A       B       C       D       E      F
               +-------+-------+-------+-------+-------+----------------------
         Total | 100.0 | 100.0 |   5.0 |  18.9 |  52.0 | 669.5
       Dungeon | 100.0 | 100.0 |   5.0 |  18.9 |  52.0 | 669.5
               +-------+-------+-------+-------+-------+----------------------

Table legend:
 A = Kills in this place as a percentage of kills in entire the game.
 B = Kills by you in this place as a percentage of kills by you in the entire game.
 C = Kills by friends in this place as a percentage of kills by friends in the entire game.
 D = Other kills in this place as a percentage of other kills in the entire game.
 E = Experience gained in this place as a percentage of experience gained in the entire game.
 F = Experience gained in this place divided by the number of levels of this place that you have seen.
                   A       B       C       D       E      F
               +-------+-------+-------+-------+-------+----------------------
         Total | 100.0 | 100.0 |   N/A |   N/A | 100.0 |  72.5
       Dungeon | 100.0 | 100.0 |   N/A |   N/A | 100.0 |  72.5
               +-------+-------+-------+-------+-------+----------------------
